 Dungeon Crawl Stone Soup version 0.30-a0-377-g5cb311bc9f (webtiles) character file.

Game seed: 12959359503278850223

395 retardedninja the Shield-Bearer (level 7, -1/27 (55) HPs)
             Began as a Formicid Fighter on Nov 30, 2022.
             Killed from afar by Dowan (5 damage)
             ... with a stone arrow
             ... on level 4 of the Dungeon.
             The game lasted 00:06:54 (3793 turns).

retardedninja the Shield-Bearer (Formicid Fighter)  Turns: 3793, Time: 00:06:55

HP:   -1/27 (55)    AC: 12    Str: 23    XL:     7   Next: 9%
MP:   7/7           EV:  6    Int:  7    God:
Gold: 139           SH:  5    Dex: 13    Spells: 6/6 levels left

rFire   . . .      SeeInvis +    a - +0 war axe
rCold   . . .      Faith    .    c - +0 buckler
rNeg    . . .      Spirit   .    h - +0 plate armour
rPois   .          Reflect  .    (helmet unavailable)
rElec   .          Harm     .    (no cloak)
rCorr   .          Rampage  .    (no gloves)
Will    .....                    (no boots)
Stlth   ..........               (no amulet)
HPRegen 0.24/turn                (no ring)
MPRegen 0.10/turn                (no ring)

@: brilliant, extremely drained
A: permanent stasis, dig shafts and tunnels, antennae 3, four strong arms
a: Dig, Shaft Self


You were on level 4 of the Dungeon.
You visited 1 branch of the dungeon, and saw 4 of its levels.

You collected 139 gold pieces.

Inventory:

Hand Weapons
 a - a +0 war axe (weapon)
Armour
 c - a +0 buckler (worn)
 h - a +0 plate armour (worn)
Jewellery
 r - the Hermit's Pendant {Faith Invo=14 Evo=0 MP+5}
   (You found it on level 3 of the Dungeon)

   [amulet of faith]

   It sets your invocations skill to 14 and your evocations skill to 0.
   It allows you to gain divine favour quickly.
   MP:        It affects your magic capacity (+5).
Wands
 i - a wand of flame (9)
Scrolls
 b - a scroll of enchant weapon {unknown}
 d - a scroll of amnesia {unknown}
 k - a scroll of blinking
 l - a scroll of noise
Potions
 j - 2 potions of mutation
 m - a potion of heal wounds {unknown}
 o - a potion of brilliance
 p - a potion of haste {unknown}
 q - a potion of lignification {unknown}


   Skills:
 + Level 4.7 Fighting
 * Level 4.5 Axes
 + Level 4.7 Armour
 + Level 5.6 Shields


You had 6 spell levels left.
You didn't know any spells.
Your spell library contained the following spells:

 Spells                   Type           Power      Damage    Failure   Level
 Apportation              Tloc           0%         N/A       100%        1
 Kiss of Death            Conj/Necr      0%         2d5       100%        1
 Necrotise                Necr           0%         1d4       100%        1
 Summon Small Mammal      Summ           0%         N/A       100%        1
 Confusing Touch          Hex            0%         N/A       100%        3
 Dispel Undead            Necr           0%         3d6       100%        4
 Borgnjor's Revivificati  Necr           0%         N/A       100%        8
 Necromutation            Tmut/Necr      0%         N/A       100%        8
 Death's Door             Necr           0%         N/A       100%        9


Dungeon Overview and Level Annotations

Branches:
Dungeon (4/15)
 Temple: D:4-7

Altars:
Trog
The Shining One

Shops:
D:3 **:=

Annotations:
D:4 Dowan


Innate Abilities, Weirdness & Mutations

You cannot be hasted, slowed, berserked, paralysed or teleported.
You can dig through walls and to a lower floor.
You have a pair of large antennae on your head. (SInv)
Your four strong arms can wield two-handed weapons with a shield.


Message History

* * * LOW HITPOINT WARNING * * *
You feel drained. The ufetubus hits you.
* * * LOW HITPOINT WARNING * * *
The ufetubus barely misses you. Dowan gestures at you while chanting.
The puff of flame hits you but does no damage.
It was a potion of curing.
You feel better. Duvessa closely misses you.
The ufetubus hits you but does no damage.
The ufetubus completely misses you.
Duvessa hits you with a +0 short sword of draining!
* * * LOW HITPOINT WARNING * * *
You feel drained.
* * * LOW HITPOINT WARNING * * *
You block Dowan's attack.
It was a potion of brilliance.
You feel clever all of a sudden.
The ufetubus hits you but does no damage.
The ufetubus hits you.
* * * LOW HITPOINT WARNING * * *
Duvessa hits you but does no damage.
You feel drained. You block the ufetubus's attack.
The ufetubus hits you but does no damage.
Dowan hits you with a +0 dagger.
* * * LOW HITPOINT WARNING * * *
You feel better. Duvessa hits you but does no damage.
You feel drained. The ufetubus barely misses you. x2
Duvessa hits you with a +0 short sword of draining.
* * * LOW HITPOINT WARNING * * *
You feel drained.
* * * LOW HITPOINT WARNING * * *
You block Dowan's attack.
You slash Duvessa!
You kill Duvessa!
Dowan's eyes darken. "You have made a black mistake."
Dowan seems to find hidden reserves of power!
You barely miss Dowan. You slash the ufetubus!
You kill the ufetubus!
Dowan points at you and mumbles some strange words.
The stone arrow hits you.
You die...

#..# ##...... #..#
#....... #..# #.......
#### #..# #.......
#...##..# #.......
.#....#..## #.......
..........### #.......
#.....e.#...## #.......
.......@##...## #.......
##.....).###..###......#
#.......# ##...##...###
#.......[. ##...#..##
#.........# ##...###
#.......... ###...##
...........# ##...###
........:... ##....#
##....


You could see Dowan (fast).

Vanquished Creatures
  Duvessa (D:4)
  An ogre (D:4)
  A scorpion (D:4)
  A hound (D:3)
  Jessica (D:2)
  Natasha (twice) (D:2)
  4 adders
  An ufetubus (D:4)
  2 worms (D:2)
  A dart slug (D:2)
  6 orcs (D:3)
  4 endoplasms
  7 giant cockroaches
  6 goblins
  9 hobgoblins
  3 jackals (D:1)
  3 quokkas
  4 ball pythons
  7 bats
  4 frilled lizards
  3 kobolds
  7 rats
78 creatures vanquished.

Vanquished Creatures (others)
  Natasha (D:2)
1 creature vanquished.

Grand Total: 79 creatures vanquished

Notes
Turn   | Place    | Note
-------+----------+-------------------------------------------
     0 | D:1      | retardedninja the Formicid Fighter began the quest for the
                  | Orb.
     0 | D:1      | Reached XP level 1. HP: 18/18 MP: 1/1
   152 | D:1      | Reached XP level 2. HP: 20/24 MP: 2/2
   248 | D:1      | Found a faded altar of an unknown god.
   644 | D:1      | Reached XP level 3. HP: 18/29 MP: 3/3
  1204 | D:2      | Noticed Jessica
  1209 | D:2      | Killed Jessica
  1210 | D:2      | Reached XP level 4. HP: 37/37 MP: 4/4
  1487 | D:2      | Noticed Natasha
  1495 | D:2      | Killed Natasha
  1496 | D:2      | Reached XP level 5. HP: 36/42 MP: 5/5
  1621 | D:2      | Noticed Natasha
  1627 | D:2      | Killed Natasha
  1628 | D:2      | Reached skill level 5 in Shields
  1733 | D:2      | Found a bloodstained altar of Trog.
  1915 | D:2      | Noticed Natasha
  1920 | D:2      | Killed Natasha
  2105 | D:3      | Found Xaecw's Book Shoppe.
  2121 | D:3      | Found Kiddazag's Jewellery Boutique.
  2156 | D:3      | Found Moramea's Assorted Antiques.
  2172 | D:3      | Reached XP level 6. HP: 48/48 MP: 6/6
  2378 | D:3      | Found Sujaxt's General Store.
  2502 | D:3      | Found a faded altar of an unknown god.
  2502 | D:3      | Found the Hermit's Pendant {Faith Invo=14 Evo=0 MP+5}
  3038 | D:4      | Noticed an ogre
  3046 | D:4      | Killed an ogre
  3051 | D:4      | Reached XP level 7. HP: 28/55 MP: 7/7
  3573 | D:4      | Found a glowing golden altar of the Shining One.
  3575 | D:4      | Noticed an angel
  3776 | D:4      | Noticed Duvessa
  3776 | D:4      | Noticed Dowan
  3789 | D:4      | HP: 1/33 [ufetubus (1)]
  3793 | D:4      | Killed Duvessa
  3793 | D:4      | Killed from afar by Dowan

Illustrated notes

Levels and vault maps discovered:
D:1:      elethiomel_arrival_maze, layout_basic,
          chequers_ecumenical_altar_simple_redux, minivault_14, minivault_26,
          minmay_close_crescents
D:2:      layout_loops_ring, basic_altar, uniq_natasha, uniq_jessica
D:3:      layout_loops_ring, serial_shops, shop, shop, nicolae_shop_trees,
          nicolae_shop_crystal, hellmonk_guarded_unrand_hermit
D:4:      layout_cave_pods, grunt_temple_overflow_holy_war,
          minmay_temple_entry_tees, grunt_ministairs_15, uniq_duvessa

Skill      XL: |  1  2  3  4  5  6 |
---------------+-------------------+-----
Axes           | 3 4 |  4.5
Fighting       | 4 |  4.7
Armour         | 4 |  4.7
Shields        | 5 |  5.6

Action                   |  1- 3 |  4- 6 |  7- 9 || total
-------------------------+-------+-------+-------++-------
Melee: War axe           |    83 |   125 |    17 ||   225
 Abil: Dig               |     1 |       |       ||     1
  Use: Scroll            |       |     5 |       ||     5
       Potion            |       |     1 |     3 ||     4
Armor: Scale mail        |    43 |    41 |       ||    84
       Plate armour      |       |    24 |    38 ||    62
Dodge: Dodged            |    43 |    49 |    17 ||   109
Block: Buckler           |    26 |    31 |    15 ||    72

Table legend: (Time is in decaauts)
 A = Elapsed time spent in this place.
 B = Non-inter-level travel time spent in this place.
 C = Inter-level travel time spent in this place.
 D = Time resting spent in this place.
 E = Time spent auto-exploring this place.
 F = Levels seen in this place.
 G = Mean time per level.
                   A        B        C        D        E       F      G
               +--------+--------+--------+--------+--------+-----+--------+
         Total |   3877 |   3773 |    104 |   1026 |   2088 |   4 |  969.2 |
       Dungeon |   3877 |   3773 |    104 |   1026 |   2088 |   4 |  969.2 |
               +--------+--------+--------+--------+--------+-----+--------+

Top non-repeatable levels by time:
     D:1: 1154 daAuts
     D:3: 1094 daAuts
     D:2: 866 daAuts
     D:4: 762 daAuts
